 Dungeon Crawl Stone Soup version 0.24.0 (webtiles) character file.

Game seed: 8059428592489130523, levelgen mode: deterministic

6140 Ayyar the Carver (level 10, 0/79 HPs)
             Began as a Demonspawn Berserker on Mar 26, 2020.
             Was an Elder of Trog.
             Slain by a two-headed ogre
             ... wielding a +0 giant spiked club
              (11 damage)
             ... on level 10 of the Dungeon.
             The game lasted 00:40:53 (10373 turns).

Ayyar the Carver (Demonspawn Berserker)            Turns: 10373, Time: 00:40:54

Health: 0/79       AC: 15    Str: 22    XL:     10   Next: 59%
Magic:  0/11       EV: 14    Int:  8    God:    Trog [****..]
Gold:   229        SH:  0    Dex: 16    Spells: 11/11 levels left

rFire    + . .     SeeInvis .   G - +2 falchion (freeze)
rCold    . . .     Gourm    .   (no shield)
rNeg     . . .     Faith    .   l - +0 scale mail
rPois    .         Spirit   +   (helmet restricted)
rElec    .         Reflect  .   I - +0 cloak
rCorr    .         Harm     .   v - +0 pair of gloves
MR       ++...                  e - +1 pair of boots
Stlth    ..........             (no amulet)
HPRegen  1.23/turn              N - +4 ring of dexterity
MPRegen  0.24/turn              (no ring)

@: regenerating
A: horns 2, molten scales 2, fire resistance 1, magic shield, magic regeneration
a: Berserk, Trog's Hand, Brothers in Arms, Renounce Religion


You were on level 10 of the Dungeon.
You worshipped Trog.
Trog was greatly pleased with you.
You were not hungry.

You visited 1 branch of the dungeon, and saw 10 of its levels.
You also visited: Sewer.

You collected 526 gold pieces.
You spent 297 gold pieces at shops.

Inventory:

Hand Weapons
 A - a +0 short sword of flaming
 G - a +2 falchion of freezing (weapon)
Missiles
 D - 3 boomerangs (quivered)
 E - 5 silver javelins
Armour
 e - a +1 pair of boots (worn)
 l - a +0 scale mail (worn)
 v - a +0 pair of gloves (worn)
 I - a +0 cloak (worn)
Jewellery
 r - an uncursed amulet of harm
 N - a +4 ring of dexterity (left hand)
Wands
 w - a wand of digging (12)
 B - a wand of polymorph (9)
 K - a wand of flame (11)
Scrolls
 b - a scroll of immolation {unknown}
 d - 7 scrolls of identify
 h - 3 scrolls of noise {unknown}
 j - 2 scrolls of amnesia {unknown}
 m - 3 scrolls of fear
 o - 2 scrolls of enchant armour
 p - a scroll of magic mapping {unknown}
 q - a scroll of remove curse
 s - a scroll of blinking {unknown}
 x - 7 scrolls of teleportation {unknown}
 y - 2 scrolls of fog {unknown}
Potions
 a - a potion of flight {unknown}
 f - 3 potions of cancellation
 g - 3 potions of ambrosia {unknown}
 i - a potion of berserk rage {unknown}
 k - 2 potions of haste {unknown}
 n - 3 potions of lignification
 t - 2 potions of heal wounds {unknown}
 u - a potion of brilliance {unknown}
 z - 8 potions of curing
 C - 2 potions of agility
 F - 3 potions of invisibility
 H - 2 potions of might
 J - a potion of mutation {unknown}
 M - 2 potions of magic {unknown}
Comestibles
 c - 16 rations
 L - 6 chunks of flesh


   Skills:
 + Level 7.3 Fighting
 * Level 9.1 Long Blades
 + Level 5.2 Throwing
 + Level 6.2 Armour
 + Level 6.4 Dodging
 - Level 1.2 Spellcasting


You had 11 spell levels left.
You didn't know any spells.
Your spell library was empty.

Dungeon Overview and Level Annotations

Branches:
Dungeon (10/15)            Temple (0/1) D:4            Lair (0/6) D:9
    Orc (0/2) D:9           Sewer (visited)

Altars:
Ashenzari
Dithmenos
Okawaru
Ru
Trog
Vehumet
Yredelemnul
Zin
The Shining One

Shops:
D:5 *   D:8 !

Annotations:
D:10 3 runed translucent doors, hbr223's ghost, journeyman HaHu


Innate Abilities, Weirdness & Mutations

You have a pair of horns on your head.
You are mostly covered in molten scales. (AC +3)
Your flesh is heat resistant. (rF+)
When hurt, damage is shared between your health and your magic reserves.
You regenerate magic rapidly.


Message History

You barely miss the two-headed ogre.
The two-headed ogre is lightly wounded.
You hit the two-headed ogre. You freeze the two-headed ogre.
The two-headed ogre is moderately wounded.
The two-headed ogre hits you with a +0 giant spiked club!
The two-headed ogre completely misses you.
You barely miss the two-headed ogre.
The two-headed ogre is moderately wounded.
Your skin crawls.
You feel resistant to hostile enchantments.
You feel somewhat more hungry.
The two-headed ogre hits you with a +0 giant spiked club!
The two-headed ogre hits you with a +0 giant club!
* * * LOW HITPOINT WARNING * * *
You hit the two-headed ogre but do no damage.
The two-headed ogre is moderately wounded.
The two-headed ogre hits you with a +0 giant spiked club!
* * * LOW HITPOINT WARNING * * *
The two-headed ogre hits you with a +0 giant club!
You die...

#.......#.....#..#......#.
#.......'.....#..#......#.
#.......#.....#..#..[...#.
#.......#.....#..#......#.
#.......#.#############'#.
#.......#.#(.$(.#.........
#####...#.#...=.#.........
#.....+.8...#.........
#...O@+W...(#########.
#.....+..(?.# #.
##....#(...♣# #.
#....#.....# #†
#....####### +. #.....
#######. #..... ........
#..... ........ ........


You could see a two-headed ogre and hbr223's ghost.

Vanquished Creatures
  4 trolls
  A hippogriff (D:9)
  4 yaks (D:9)
  4 porcupines (D:9)
  3 sky beasts
  An ice beast (D:5)
  2 orc warriors
  A black bear (D:5)
  2 ogres
  4 crocodiles (D:9)
  2 centaurs (D:8)
  3 big kobolds
  5 bullfrogs
  A water moccasin zombie (D:8)
  2 scorpions
  14 killer bees
  3 wights (D:7)
  A howler monkey (D:5)
  3 crimson imps (D:5)
  A centaur zombie (D:7)
  A bullfrog zombie (D:5)
  8 orc priests
  2 hounds
  A centaur skeleton (D:9)
  4 jellies
  11 orc wizards
  2 iguanas
  7 worker ants
  2 howler monkey zombies (D:5)
  2 river rats (Sewer)
  5 adders
  A shadow imp (D:9)
  2 oozes
  2 adder skeletons
  An adder zombie (D:7)
  5 worms
  3 dart slugs
  3 leopard geckos
  32 orcs
  6 ball pythons
  6 bats
  3 giant cockroaches
  12 goblins
  12 hobgoblins
  7 jackals
  2 quokkas
  6 frilled lizards
  17 kobolds
  A leopard gecko skeleton (D:5)
  A quokka zombie (D:5)
  12 rats
240 creatures vanquished.

Vanquished Creatures (others)
  2 bushes (D:9)
  2 fungi (D:9)
  21 plants (D:9)
25 creatures vanquished.

Grand Total: 265 creatures vanquished

Notes
Turn   | Place    | Note
-------+----------+-------------------------------------------
     0 | D:1      | Ayyar the Demonspawn Berserker began the quest for the Orb.
     0 | D:1      | Reached XP level 1. HP: 18/18 MP: 1/1
   234 | D:1      | Gained mutation: You have a pair of small horns on your
                  | head. [demonic ancestry]
   234 | D:1      | Reached XP level 2. HP: 20/24 MP: 2/2
   446 | D:1      | Reached skill level 3 in Long Blades
   906 | D:2      | Reached ** piety under Trog
   911 | D:2      | Gained mutation: You are partially covered in molten
                  | scales. (AC +2) [demonic ancestry]
   911 | D:2      | Reached XP level 3. HP: 29/29 MP: 3/3
  1069 | D:2      | Found a radiant altar of Vehumet.
  1078 | D:2      | Found a glowing silver altar of Zin.
  1079 | D:2      | Found a shattered altar of Ashenzari.
  1199 | D:2      | Found a sacrificial altar of Ru.
  1201 | D:2      | Gained mutation: When hurt, damage is shared between your
                  | health and your magic reserves. [demonic ancestry]
  1201 | D:2      | Reached XP level 4. HP: 35/35 MP: 4/4
  1431 | D:2      | Found an iron altar of Okawaru.
  2071 | D:3      | Reached *** piety under Trog
  2701 | D:4      | Gained mutation: You are mostly covered in molten scales.
                  | (AC +3) [demonic ancestry]
  2701 | D:4      | Reached XP level 5. HP: 40/42 MP: 5/5
  2809 | D:4      | Found a staircase to the Ecumenical Temple.
  2815 | D:4      | You fall into a shaft and drop 2 floors!
  2910 | D:6      | Found a glowing drain.
  2925 | D:6      | Reached skill level 4 in Long Blades
  2940 | Sewer    | Entered a sewer
  3406 | D:5      | Entered Level 5 of the Dungeon
  3459 | D:5      | Gained mutation: Your flesh is heat resistant. (rF+)
                  | [demonic ancestry]
  3459 | D:5      | Reached XP level 6. HP: 48/48 MP: 6/6
  3719 | D:5      | Reached skill level 1 in Spellcasting
  3908 | D:5      | Gained mutation: You regenerate magic rapidly. [demonic
                  | ancestry]
  3908 | D:5      | Reached XP level 7. HP: 31/54 MP: 8/8
  4139 | D:5      | Reached skill level 5 in Long Blades
  4152 | D:5      | Found Hasu's Assorted Antiques.
  4185 | D:5      | Reached skill level 1 in Throwing
  5593 | D:5      | Reached XP level 8. HP: 61/61 MP: 9/9
  5627 | D:5      | Received a gift from Trog
  5792 | D:5      | Reached skill level 5 in Fighting
  5925 | D:6      | Found a basalt altar of Yredelemnul.
  5976 | D:6      | Reached skill level 6 in Long Blades
  6085 | D:6      | Found a bloodstained altar of Trog.
  6089 | D:6      | Found a shadowy altar of Dithmenos.
  6862 | D:7      | Reached skill level 5 in Dodging
  6864 | D:7      | Gained mutation: You have a pair of horns on your head.
                  | [demonic ancestry]
  6864 | D:7      | Reached XP level 9. HP: 68/68 MP: 10/10
  7138 | D:8      | Found Giysil's Distillery.
  7146 | D:8      | Bought a potion of curing for 33 gold pieces
  7146 | D:8      | Bought a potion of might for 44 gold pieces
  7146 | D:8      | Bought a potion of agility for 44 gold pieces
  7146 | D:8      | Bought a potion of cancellation for 88 gold pieces
  7146 | D:8      | Bought a potion of invisibility for 88 gold pieces
  7249 | D:8      | Reached skill level 7 in Long Blades
  7418 | D:8      | Found a glowing golden altar of the Shining One.
  7492 | D:8      | Reached skill level 5 in Armour
  7864 | D:8      | Reached **** piety under Trog
  8178 | D:9      | Noticed a troll
  8225 | D:9      | Killed a troll
  8533 | D:9      | Found a staircase to the Orcish Mines.
  8616 | D:9      | Noticed a troll
  8624 | D:9      | Killed a troll
  8624 | D:9      | Reached skill level 8 in Long Blades
  9107 | D:9      | Found a staircase to the Lair.
  9139 | D:9      | Reached XP level 10. HP: 68/77 MP: 9/11
  9755 | D:9      | Reached skill level 5 in Throwing
  9756 | D:9      | Received a gift from Trog
  9976 | D:9      | Found a bloodstained altar of Trog.
 10036 | D:10     | Entered Level 10 of the Dungeon
 10187 | D:10     | Reached skill level 9 in Long Blades
 10359 | D:10     | Found a runed translucent gate.
 10359 | D:10     | Found a runed translucent gate.
 10360 | D:10     | Found a runed translucent gate.
 10361 | D:10     | Noticed hbr223's ghost (journeyman HaHu)
 10364 | D:10     | Noticed a two-headed ogre
 10373 | D:10     | Slain by a two-headed ogre

Levels and vault maps discovered:
D:1:      psy_arrival_radial01, layout_loops_ring, minmay_door_square,
          minmay_pentomino_p4
D:2:      layout_basic, grunt_temple_overflow_open, okawaru_altar_gauntlet_db,
          nicolae_ru_great_annihilating_truth
D:3:      layout_basic, minivault_14, chequers_serial_rivers_room_a
D:4:      layout_layer_cave, minmay_temple_entry_butterflies, first_ration
D:5:      layout_loops_ring, serial_shops, shop, minmay_misc_feat_enclosed,
          kennysheep_cross_bottleneck
D:6:      layout_loops_cross, chequers_temple_overflow_statue_of_worship,
          cheibrodos_sewer_entry_sluice, basic_altar, corexii_leaking_fountain
D:7:      layout_loops_ring
D:8:      layout_gridville, basic_altar, serial_shops, shop_fountains
D:9:      layout_basic, minmay_lair_entry_grove, orc_0_dummy,
          blue_anna_alchemist [blue_anna_fruit_fields, blue_anna_fruit_fields],
          trog_book
D:10:     layout_irregular_city, ebering_ghost_rock_garden,
          onia_ninara_dug_in_and_dangerous, uniq_sonja
